 Dungeon Crawl Stone Soup version 0.27-a0-1579-g97d2440184 (webtiles) character file.

Game seed: 14301639912370538979

10444 Spaninq the Cleaver (level 11, -7/87 HPs)
             Began as a Demonspawn Berserker on July 17, 2021.
             Was a High Priest of Trog.
             Killed by divine providence
             ... invoked by a meliai
              (11 damage)
             ... on level 10 of the Dungeon.
             The game lasted 00:22:31 (8885 turns).

Spaninq the Cleaver (Demonspawn Berserker)          Turns: 8885, Time: 00:22:31

Health: -7/87      AC: 27    Str: 22    XL:     11   Next: 36%
Magic:  11/11      EV: 12    Int: 22    God:    Trog [*****.]
Gold:   397        SH:  0    Dex:  9    Spells: 10/10 levels left

rFire    . . .     SeeInvis .   q - +1 battleaxe (venom)
rCold    . . .     Faith    .   (shield currently unavailable)
rNeg     . . .     Spirit   .   i - +3 scale mail of Luesmahai {rPois Int+7 Dex-3}
rPois    +         Reflect  .   e - +2 hat
rElec    .         Harm     .   a - +0 cloak {rPois}
rCorr    .         Rampage  .   (no gloves)
Will     .....                  (no boots)
Stlth    ..........             (no amulet)
HPRegen  0.24/turn              k - +4 ring of protection
MPRegen  0.12/turn              g - ring of Rationality {Str+3 Int+6}

@: sanguine armoured
A: antennae 1, demonic guardian 1, powered by death 3, sanguine armour 2, weak 1
a: Renounce Religion, Berserk, Trog's Hand, Brothers in Arms


You were on level 10 of the Dungeon.
You worshipped Trog.
Trog was extremely pleased with you.
You visited 1 branch of the dungeon, and saw 11 of its levels.

You collected 397 gold pieces.

Inventory:

Hand Weapons
 b - a +4 scimitar of flaming
 q - a +1 battleaxe of venom (weapon)
 s - a +3 vorpal war axe
Armour
 a - a +0 cloak of poison resistance (worn)
 e - a +2 hat (worn)
 i - the +3 scale mail of Luesmahai (worn) {rPois Int+7 Dex-3}
   (You found it on level 5 of the Dungeon)

   Int:       It affects your intelligence (+7).
   Dex:       It affects your dexterity (-3).
   rPois:     It protects you from poison.
Jewellery
 c - a ring of resist corrosion
 d - a ring of poison resistance
 g - the ring of Rationality (right hand) {Str+3 Int+6}
   (You found it on level 6 of the Dungeon)

   [ring of intelligence]

   Str:       It affects your strength (+3).
   Int:       It affects your intelligence (+6).
 k - a +4 ring of protection (left hand)
Wands
 n - a wand of paralysis (16)
 u - a wand of charming (8)
Scrolls
 f - a scroll of blinking
 h - 2 scrolls of identify
 l - 3 scrolls of teleportation
 v - a scroll of fog
Potions
 j - 4 potions of curing
 p - 2 potions of flight
 r - a potion of might
 t - a potion of magic
 x - a potion of haste
 z - a potion of degeneration {unknown}


   Skills:
 + Level 8.7 Fighting
 * Level 10.8 Axes
 + Level 7.6 Armour
 + Level 7.6 Dodging


You had 10 spell levels left.
You didn't know any spells.
Your spell library was empty.

Dungeon Overview and Level Annotations

Branches:
Dungeon (11/15)            Temple (0/1) D:6            Lair (0/6) D:8
    Orc: D:9-12

Altars:
Elyvilon
Fedhas
Nemelex Xobeh
Okawaru
Qazlal
Trog
Vehumet
Wu Jian
Xom

Annotations:
D:4 1 runed translucent door, Lemondrips's ghost, amateur FoMo


Innate Abilities, Weirdness & Mutations

You have a pair of small antennae on your head.
A weak demonic guardian rushes to your aid.
You regenerate a lot of health from kills.
When seriously injured, your bleeding wounds create thick armour. (AC +9)
You are weak. (Str -2)


Message History

Something smites you!
You hit the meliai but do no damage.
The meliai is almost dead.
The meliai mumbles some strange prayers to its god against you.
Something smites you!
Your blood congeals into armour.
A meliai comes into view. It is wielding a +0 war axe.
The meliai hits you with a +0 hand axe!
The meliai stings you but does no damage.
The meliai buzzes angrily.
You barely miss the meliai.
The meliai is almost dead.
The meliai barely misses you.
The meliai stings you but does no damage.
The meliai calls upon its god to heal the meliai.
The meliai is healed somewhat.
You hit the meliai but do no damage.
The meliai is heavily wounded.
A meliai comes into view. It is wielding a +0 war axe.
The meliai calls down the wrath of its god upon you.
Something smites you!
The meliai invokes the aid of its god against you.
Something smites you!
* * * LOW HITPOINT WARNING * * *
A demonic guardian appears!
The meliai barely misses you. The meliai misses you.
The meliai hits you but does no damage.
The meliai stings you but does no damage.
You miss the meliai.
The meliai is heavily wounded.
You barely miss the meliai. The meliai hits you but does no damage.
The meliai barely misses you. The meliai hits you but does no damage.
The meliai closely misses you. The meliai hits you with a +0 hand axe!
* * * LOW HITPOINT WARNING * * *
The meliai stings you but does no damage.
The meliai completely misses you.
The meliai stings you but does no damage.
The meliai misses you.
The meliai stings you but does no damage.
The meliai mumbles some strange prayers to its god against you.
Something smites you!
You die...

#..........##.
#.........###.
#..........###.
#.............(. {
..#.........###.##
###.........# #yD#
#.........# ##y### #....
#.y.##
##...##########@#..####
##.....##^......5.......
#.......#.≈≈≈≈≈.≈≈≈≈≈.≈≈
#.......#.≈###≈.≈###≈.≈#
#....<..#.≈# #≈.≈# ≈.≈#
##.)...##.≈###≈.≈###≈.≈#
##.)....#.≈≈≈≈≈.≈≈≈≈≈.≈≈
...))..................
..........≈≈≈≈≈.≈≈≈≈≈.≈


You could see a steam dragon, 3 meliai and a friendly iron imp (summoned).

Vanquished Creatures
  Erica (D:10)
  A two-headed ogre (D:10)
  Pikel (D:6)
  A manticore (D:8)
  6 wyverns
  Eustachio (D:4)
  11 yaks
  A basilisk (D:8)
  2 steam dragons
  2 vampire mosquitoes (D:5)
  Menkaure (D:5)
  An acid dragon (D:7)
  3 water moccasins
  An ice beast (D:7)
  2 orc warriors
  A sky beast (D:8)
  3 black bears
  A hornet zombie (D:6)
  2 necrophages
  2 wolves (D:8)
  3 ogres
  5 centaurs
  A phantom (D:6)
  2 kobold brigands
  2 bullfrogs
  A water moccasin zombie (D:4)
  3 scorpions
  A wyvern skeleton (D:7)
  4 killer bees (D:9)
  8 wights (D:9)
  A howler monkey (D:6)
  A gnoll shaman (D:4)
  4 orc priests
  3 hounds
  2 bullfrog skeletons
  A centaur skeleton (D:6)
  3 iguanas
  3 orc wizards
  A hound zombie (D:5)
  2 howler monkey zombies
  9 adders
  11 gnolls
  2 shadow imps
  A white imp (D:5)
  2 ufetubi
  A dart slug (D:2)
  26 orcs
  8 ball pythons
  7 endoplasms
  4 giant cockroaches
  2 goblins
  3 hobgoblins
  8 quokkas
  12 bats
  3 frilled lizards (D:1)
  13 kobolds
  4 rats
211 creatures vanquished.

Vanquished Creatures (collateral kills)
  A boulder beetle (D:11)
  Prince Ribbit (D:5)
  An orc warrior (D:9)
  4 centaurs
  A water moccasin skeleton (D:4)
8 creatures vanquished.

Vanquished Creatures (others)
  A black bear (D:7)
  A fungus (D:8)
  10 plants (D:8)
12 creatures vanquished.

Grand Total: 231 creatures vanquished

Notes
Turn   | Place    | Note
-------+----------+-------------------------------------------
     0 | D:1      | Spaninq the Demonspawn Berserker began the quest for the
                  | Orb.
     0 | D:1      | Reached XP level 1. HP: 18/18 MP: 1/1
   161 | D:1      | Gained mutation: When seriously injured, your bleeding
                  | wounds create armour. (AC +9) [demonic ancestry]
   161 | D:1      | Reached XP level 2. HP: 23/24 MP: 2/2
   223 | D:1      | Reached skill level 3 in Axes
   414 | D:1      | Found a faded altar of an unknown god.
  1080 | D:2      | Reached XP level 3. HP: 29/29 MP: 3/3
  1272 | D:2      | Reached ** piety under Trog
  2065 | D:2      | Gained mutation: Your magical capacity is low. (-10% MP)
                  | [potion of mutation]
  2065 | D:2      | Gained mutation: You are weak. (Str -2) [potion of
                  | mutation]
  2065 | D:2      | Lost mutation: Your magical capacity is low. (-10% MP)
                  | [potion of mutation]
  2524 | D:3      | Found a stormy altar of Qazlal.
  2578 | D:3      | Gained mutation: You regenerate a little health from kills.
                  | [demonic ancestry]
  2578 | D:3      | Reached XP level 4. HP: 26/35 MP: 4/4
  3015 | D:4      | Reached XP level 5. HP: 41/41 MP: 5/5
  3045 | D:4      | Reached skill level 4 in Axes
  3221 | D:4      | Noticed an ogre
  3313 | D:4      | Killed an ogre
  3314 | D:4      | Gained mutation: You regenerate health from kills. [demonic
                  | ancestry]
  3314 | D:4      | Reached XP level 6. HP: 13/48 MP: 6/6
  3542 | D:4      | Noticed Lemondrips's ghost (amateur FoMo)
  3547 | D:4      | Found a runed translucent door.
  3561 | D:4      | Noticed Eustachio
  3577 | D:4      | Killed Eustachio
  3578 | D:4      | Reached skill level 5 in Axes
  3578 | D:4      | Gained mutation: A weak demonic guardian rushes to your
                  | aid. [demonic ancestry]
  3578 | D:4      | Reached XP level 7. HP: 44/55 MP: 7/7
  3692 | D:4      | Found a blossoming altar of Fedhas.
  3878 | D:4      | Reached *** piety under Trog
  4318 | D:5      | Entered Level 5 of the Dungeon
  4337 | D:5      | Identified the +3 scale mail of Luesmahai {rPois Int+7
                  | Dex-3}
  4458 | D:5      | Noticed Prince Ribbit
  4461 | D:5      | Reached skill level 5 in Fighting
  4490 | D:5      | Noticed Menkaure
  4491 | D:5      | Killed Prince Ribbit
  4492 | D:5      | Reached skill level 6 in Axes
  4492 | D:5      | Gained mutation: When seriously injured, your bleeding
                  | wounds create thick armour. (AC +9) [demonic ancestry]
  4492 | D:5      | Reached XP level 8. HP: 37/62 MP: 8/8
  4503 | D:5      | Killed Menkaure
  4890 | D:5      | Identified a scroll of acquirement
  4890 | D:5      | Acquired a +0 cloak of poison resistance
  5094 | D:5      | Reached skill level 7 in Axes
  5138 | D:6      | Reached skill level 5 in Armour
  5138 | D:6      | Reached skill level 5 in Dodging
  5144 | D:6      | Reached **** piety under Trog
  5153 | D:6      | Found a sparkling altar of Nemelex Xobeh.
  5155 | D:6      | Found a staircase to the Ecumenical Temple.
  5156 | D:6      | Identified the ring of Rationality {Str+3 Int+6}
  5199 | D:6      | Found an ornate altar of the Wu Jian Council.
  5211 | D:6      | Gained mutation: You have a pair of small antennae on your
                  | head. [demonic ancestry]
  5211 | D:6      | Reached XP level 9. HP: 66/69 MP: 9/9
  5362 | D:6      | Noticed Pikel
  5375 | D:6      | Killed Pikel
  5600 | D:6      | Reached skill level 8 in Axes
  5988 | D:7      | Found a bloodstained altar of Trog.
  6385 | D:7      | Found a shimmering altar of Xom.
  6385 | D:7      | Found a shimmering altar of Xom.
  6387 | D:7      | Found a shimmering altar of Xom.
  6387 | D:7      | Found a shimmering altar of Xom.
  6388 | D:7      | Found a shimmering altar of Xom.
  6552 | D:7      | Found a radiant altar of Vehumet.
  6758 | D:8      | Acquired a +1 battleaxe of venom
  6872 | D:8      | Gained mutation: You regenerate a lot of health from kills.
                  | [demonic ancestry]
  6872 | D:8      | Reached XP level 10. HP: 47/79 MP: 10/10
  6875 | D:8      | Reached skill level 9 in Axes
  6916 | D:8      | Found a staircase to the Lair.
  7098 | D:8      | Reached ***** piety under Trog
  7117 | D:8      | Found an iron altar of Okawaru.
  7124 | D:8      | You fall into a shaft and drop 3 floors!
  7166 | D:11     | Noticed a boulder beetle
  7173 | D:11     | Killed a boulder beetle
  7174 | D:11     | Reached skill level 10 in Axes
  7185 | D:10     | Entered Level 10 of the Dungeon
  7384 | D:8      | Noticed a manticore
  7399 | D:8      | Killed a manticore
  7894 | D:9      | Reached XP level 11. HP: 86/86 MP: 11/11
  8578 | D:10     | Noticed a two-headed ogre
  8580 | D:10     | Noticed Erica
  8593 | D:10     | HP: 3/82 [something (10)]
  8593 | D:10     | HP: 1/82 [something (2)]
  8595 | D:10     | Killed a two-headed ogre
  8607 | D:10     | Killed Erica
  8884 | D:10     | HP: 4/87 [meliai (11)]
  8885 | D:10     | Killed from afar by a meliai

Illustrated notes

Levels and vault maps discovered:
D:1:      dpeg_arrival_boxorama, layout_loops_ring,
          shapermc_ecumenical_altar_notcrosses
D:2:      layout_loops_corners
D:3:      layout_rooms, nicolae_qazlal_general_emergency,
          chequers_decorated_corner
D:4:      layout_loops_ring, fedhas_altar_2, hellmonk_ghost_happy_afterlife,
          uniq_eustachio
D:5:      layout_rooms, uniq_prince_ribbit1, uniq_menkaure
D:6:      layout_loops_ring, mainiacjoe_overflow_tiny_flanked,
          mainiacjoe_overflow_24_doors, minmay_temple_entry_trees,
          grunt_ministairs_15, uniq_pikel
D:7:      layout_basic, xom_redecorated, lemuel_crystal_altar,
          trog_three_pillars_becter
D:8:      layout_basic, okawaru_metal_pillars_3, minmay_lair_entry_grove
D:9:      layout_basic, elyvilon_altar_3
D:10:     layout_rooms, old_standard_altar, kennysheep_boxes, uniq_erica
D:11:     layout_loops_corners, kb_lookout_dungeons_type, minmay_lindwurm_lava

Skill      XL: |  1  2  3  4  5  6  7  8  9 10 |
---------------+-------------------------------+-----
Axes           | 3 4 5 6 7 8 10 | 10.8
Armour         | 2 3 4 5 6 7 |  7.6
Dodging        | 2 3 4 5 6 7 |  7.6
Fighting       | 4 5 6 7 8 |  8.7

Action                   |  1- 3 |  4- 6 |  7- 9 | 10-12 || total
-------------------------+-------+-------+-------+-------++-------
Melee: Hand axe          |   102 |       |       |       ||   102
       Dagger            |    18 |    63 |    46 |       ||   127
       War axe           |       |    11 |   225 |       ||   236
       Battleaxe         |       |       |    13 |   234 ||   247
Invok: Berserk           |     1 |       |     1 |       ||     2
       Trog's Hand       |     1 |       |       |     1 ||     2
       Brothers in Arms  |       |       |       |     2 ||     2
  Use: Potion            |     2 |     1 |     1 |     2 ||     6
       Scroll            |       |       |    10 |     4 ||    14
 Stab: Sleeping          |     2 |       |       |       ||     2
Armor: Animal skin       |    20 |       |       |       ||    20
       Leather armour    |    26 |       |       |       ||    26
       Ring mail         |     4 |    33 |     4 |       ||    41
       Chain mail        |       |       |    52 |       ||    52
       Scale mail        |       |       |   148 |   167 ||   315
Dodge: Dodged            |    85 |    39 |   202 |   142 ||   468

Table legend: (Time is in decaauts)
 A = Elapsed time spent in this place.
 B = Non-inter-level travel time spent in this place.
 C = Inter-level travel time spent in this place.
 D = Time resting spent in this place.
 E = Time spent auto-exploring this place.
 F = Levels seen in this place.
 G = Mean time per level.
                   A        B        C        D        E       F      G
               +--------+--------+--------+--------+--------+-----+--------+
         Total |   9007 |   8652 |    355 |    918 |   5914 |  11 |  818.8 |
       Dungeon |   9007 |   8652 |    355 |    918 |   5914 |  11 |  818.8 |
               +--------+--------+--------+--------+--------+-----+--------+

Top non-repeatable levels by time:
     D:4: 1515 daAuts
     D:2: 1462 daAuts
     D:1: 1000 daAuts
     D:9: 920 daAuts
     D:8: 873 daAuts
     D:7: 847 daAuts
     D:6: 786 daAuts
     D:5: 643 daAuts
     D:3: 542 daAuts
    D:10: 355 daAuts
    D:11: 61 daAuts
